AoeStats
← 文風

MegaRandom

506073129Analyzed
1v1 RM · 21d ago on Sep 12, 2026· 22m 36s· 2 players
Game mode
Random Map
Map size
Tiny (2 player)
Population
200
Speed
Normal
Resources
Standard
Victory
Conquest
Starting age
Dark Age
Ending age
Imperial Age
RankedLock teamsTeams togetherTeam positionsShared explorationLock speedFull tech treeHidden civsTurbo modeCheats
Victory
Defeat
🇮🇹 Ethiopians · Italy
1486
+13
🇭🇰 Spanish · Hong Kong SAR China
1423
-13
文風
10:11 Feudal Age
14:17 Castle Age
12:59 Double-Bit Axe
15:58 Loom
jiri.hradec.jr
0:28 Loom
8:08 Feudal Age
9:11 Double-Bit Axe
10:29 Fletching
19:51 Castle Age
19:54 Crossbowman
20:30 Bodkin Arrow
Connection lost

Rejoining the realm…

Still unreachable

The connection could not be restored.

Session expired

The server has moved on; the page needs a fresh start.